 Dungeon Crawl Stone Soup version 0.31.0-11-ge490571c62 (webtiles) character file.

Game seed: 4751134392040655263

1288 Gadfly the Charlatan (level 8, 0/54 (60) HPs)
             Began as a Demonspawn Shapeshifter on Jan 27, 2024.
             Slain by an orc warrior
             ... wielding a +0 halberd
              (16 damage)
             ... on level 6 of the Dungeon.
             The game lasted 00:06:40 (4653 turns).

Gadfly the Charlatan (Demonspawn Shapeshifter)      Turns: 4653, Time: 00:06:41

HP:   0/54 (60)     AC:  5    Str: 16    XL:     8   Next: 30%
MP:   8/8           EV: 14    Int: 11    God:
Gold: 271           SH:  0    Dex: 13    Spells: 7/7 levels left

rFire   + .          .
                       - Unarmed
rCold   . . .        (no shield)
rNeg    . . .        a - +1 animal skin
rPois   .            (helmet currently unavailable)
rElec   .            (cloak currently unavailable)
rCorr   .            (gloves currently unavailable)
SInv    .            (boots currently unavailable)
Will    .....        (no amulet)
Stlth   +            n - ring of protection from fire
HPRegen 0.29/turn    (no ring)
MPRegen 0.11/turn

%: no passive effects
@: beast-form, heavily drained
A: beast (slay +2), antennae 2, thin metallic scales 1, foul stench 2, powered
by death 1
a: Begin Untransformation


You were on level 6 of the Dungeon.
You were a hulking beast.
You visited 1 branch of the dungeon, and saw 6 of its levels.

You collected 299 gold pieces.
You spent 28 gold pieces at shops.

Inventory:

Hand Weapons
 k - a +0 dagger of freezing
Missiles
 r - a throwing net (quivered)
Armour
 a - a +1 animal skin (worn)
 f - the -2 hat of Vovyiqa {rCorr}
   (You found it on level 2 of the Dungeon)

   rCorr:     It protects you from acid and corrosion.
 m - the scarf "Xaisigaho" {rC+ rF+, Harm}
   (You found it on level 4 of the Dungeon)

   Harm:      It increases damage dealt and taken.
Jewellery
 n - a ring of protection from fire (left hand)
Talismans
 c - a beast talisman
 d - a flux talisman
Wands
 l - a wand of paralysis (1)
 o - a wand of light (13)
 q - a wand of flame (3)
Scrolls
 p - a scroll of butterflies
Potions
 b - a potion of lignification
 e - 2 potions of berserk rage
 g - a potion of attraction
 h - a potion of enlightenment
 i - a potion of heal wounds
 j - a potion of curing
 s - a potion of mutation {unknown}


   Skills:
 + Level 3.8 Fighting
 * Level 5.1 Dodging
 + Level 4.4 Unarmed Combat
 * Level 5.1 Evocations
 + Level 4.1 Shapeshifting


You had 7 spell levels left.
You didn't know any spells.
Your spell library contained the following spells:

 Spells                   Type           Power      Damage    Failure   Level
 Ensorcelled Hibernation  Hex/Ice        0%         N/A       47%         2
 Lesser Beckoning         Tloc           0%         N/A       47%         2
 Fugue of the Fallen      Necr           0%         N/A       71%         3
 Gell's Gravitas          Tloc           0%         N/A       71%         3
 Teleport Other           Tloc           0%         N/A       71%         3
 Volatile Blastmotes      Fire/Tloc      0%         2d10      71%         3
 Anguish                  Hex/Necr       0%         N/A       98%         4
 Fulminant Prism          Conj/Alch      0%         3d5       98%         4
 Iskenderun's Mystic Bla  Conj/Tloc      0%         2d3       98%         4
 Summon Forest            Summ/Tloc      0%         N/A       100%        5
 Eringya's Noxious Bog    Alch           0%         4d6       100%        6
 Summon Hydra             Summ           0%         N/A       100%        7


Dungeon Overview and Level Annotations

Branches:
Dungeon (6/15)
 Temple: D:4-7

Altars:
Dithmenos
Trog
Uskayaw

Shops:
D:5 *


Innate Abilities, Weirdness & Mutations

You are a hulking beast.
Your limbs bulge with bestial killing power. (Slay +2)
You have a pair of antennae on your head.
You are partially covered in thin metallic scales. (AC +2)
You sometimes emit foul miasma when damaged in melee.
You regenerate a little health from kills.


Message History

The centaur seems to slow down.
The centaur hits you. The centaur kicks you.
* * * LOW HITPOINT WARNING * * *
The centaur is engulfed in dark miasma.
The centaur looks as sick as possible!
You kill the centaur!
You start resting.
An orc warrior comes into view. It is wielding a +0 halberd.
An orc warrior is nearby!
You are too injured to fight recklessly!
An orc warrior is nearby!
You start resting.
You sense a monster nearby.
You start resting.
An orc warrior is nearby!
The orc warrior shouts!
You hear a shout! x3
The orc warrior misses you.
You closely miss the orc warrior. The orc warrior misses you.
You hit the orc warrior.
The orc warrior is lightly wounded.
An orc wizard comes into view. It is wielding a +0 dagger.
The orc warrior closely misses you.
You closely miss the orc warrior.
The orc warrior is lightly wounded.
An orc priest comes into view. It is wielding a +0 whip.
An orc comes into view. It is wielding a +0 club.
The orc warrior hits you with a +0 halberd!
* * * LOW HITPOINT WARNING * * *
You are too injured to fight recklessly!
You are too injured to fight recklessly!
You are too injured to fight recklessly!
You are too injured to fight recklessly!
You are too injured to fight recklessly!
You are too injured to fight recklessly!
You are too injured to fight recklessly!
You are too injured to fight recklessly!
You are too injured to fight recklessly!
You hit the orc warrior.
The orc warrior is lightly wounded.
The orc warrior closely misses you.
The orc warrior hits you from afar with a +0 halberd!
You die...

##### ###...## #
###.#....##
##.#...h.oo..#
........##...# ##
.......o##..##..###
..........){.#....##
!..##.###..........#
## .....###..#.#....
.##...###..#.#.....
# ......#..........
..........o.##...


You could see an orc warrior, an orc wizard and an orc.

Vanquished Creatures
  Pikel (D:5)
  Grinder (D:5)
  An ogre (D:5)
  A centaur (D:6)
  2 bombardier beetles (D:3)
  A jelly (D:6)
  A gnoll bouda (D:5)
  A hound (D:5)
  2 sleepcaps (D:5)
  An iguana (D:4)
  5 gnolls
  8 adders
  5 dart slugs
  3 ribbon worms
  6 orcs
  7 ball pythons
  6 endoplasms
  4 hobgoblins
  5 kobolds
  6 quokkas
  5 bats
  3 frilled lizards
  A goblin (D:1)
  3 rats
79 creatures vanquished.

Notes
Turn   | Place    | Note
-------+----------+-------------------------------------------
     0 | D:1      | Gadfly the Demonspawn Shapeshifter began the quest for the
                  | Orb.
     0 | D:1      | Reached XP level 1. HP: 15/15 MP: 1/1
   337 | D:1      | Found a faded altar of an unknown god.
   343 | D:1      | Gained mutation: You regenerate a little health from kills.
                  | [demonic ancestry]
   343 | D:1      | Reached XP level 2. HP: 14/21 MP: 2/2
   591 | D:1      | Reached skill level 1 in Evocations
  1077 | D:2      | Identified the -2 hat of Vovyiqa {rCorr}
  1262 | D:2      | Gained mutation: You have a pair of small antennae on your
                  | head. [demonic ancestry]
  1262 | D:2      | Reached XP level 3. HP: 14/26 MP: 3/3
  1638 | D:2      | Gained mutation: You are partially covered in thin metallic
                  | scales. (AC +2) [demonic ancestry]
  1638 | D:2      | Reached XP level 4. HP: 18/33 MP: 4/4
  2052 | D:3      | Gained mutation: You may rarely emit foul miasma when
                  | damaged in melee. [demonic ancestry]
  2052 | D:3      | Reached XP level 5. HP: 35/38 MP: 5/5
  2247 | D:3      | Identified the +4 ring mail of Fychijenk {rCorr Str+2}
  2315 | D:3      | You fall into a shaft and drop 1 floor!
  2348 | D:4      | Found a hide-covered altar of Uskayaw.
  3130 | D:4      | Identified the scarf "Xaisigaho" {rC+ rF+, Harm}
  3354 | D:5      | Entered Level 5 of the Dungeon
  3380 | D:5      | Noticed an ogre
  3388 | D:5      | Killed an ogre
  3388 | D:5      | Noticed Grinder
  3389 | D:5      | Gained mutation: You have a pair of antennae on your head.
                  | [demonic ancestry]
  3389 | D:5      | Reached XP level 6. HP: 14/46 MP: 6/6
  3574 | D:5      | Found Pemneec's General Store.
  3581 | D:5      | Bought a scroll of identify for 28 gold pieces
  3668 | D:5      | Killed Grinder
  3669 | D:5      | Gained mutation: You sometimes emit foul miasma when
                  | damaged in melee. [demonic ancestry]
  3669 | D:5      | Reached XP level 7. HP: 25/51 MP: 7/7
  3970 | D:5      | Found a bloodstained altar of Trog.
  4048 | D:5      | Noticed Pikel
  4066 | D:5      | Killed Pikel
  4067 | D:5      | Reached XP level 8. HP: 26/59 MP: 8/8
  4333 | D:5      | Found a shadowy altar of Dithmenos.
  4597 | D:6      | Reached skill level 5 in Dodging
  4597 | D:6      | Reached skill level 5 in Evocations
  4653 | D:6      | Slain by an orc warrior

Illustrated notes

Levels and vault maps discovered:
D:1:      elethiomel_arrival_quiet, layout_loops_ring,
          hellmonk_ecumenical_altar_leap_of_faith
D:2:      layout_loops_cross
D:3:      layout_basic
D:4:      layout_basic, jmf_multi_god_temple
D:5:      layout_rooms, marbit_many_paths, kennysheep_mini_moat, serial_shops,
          shop, nicolae_concentric_dashed_squares_wild, st_stairs_8, uniq_pikel,
          uniq_grinder
D:6:      dreamdust_elfheim, layout_cave_pools,
          minmay_temple_entry_stoned_glass, uniq_edmund

Skill      XL: |  1  2  3  4  5  6  7  8 |
---------------+-------------------------+-----
Dodging        | 2 3 4 5 |  5.1
Evocations     | 1 2 3 4 5 |  5.1
Unarmed Combat | 3 4 |  4.4
Shapeshifting  | 3 4 |  4.1
Fighting       | 2 3 |  3.8

Action                     |  1- 3 |  4- 6 |  7- 9 || total
---------------------------+-------+-------+-------++-------
  Melee: Unarmed           |   130 |   113 |    92 ||   335
         Punch             |     1 |     2 |     2 ||     5
  Evoke: Wand              |       |     2 |       ||     2
    Use: Scroll            |     5 |     3 |     1 ||     9
         Potion            |       |     2 |     1 ||     3
   Stab: Sleeping          |     1 |     1 |       ||     2
 Armour: Animal skin       |    61 |    47 |    69 ||   177
  Dodge: Dodged            |    77 |    54 |    61 ||   192
